 Dungeon Crawl Stone Soup version 0.24.0-123-gd5b16e6ec5 (webtiles) character file.

Game seed: 7374218215752363962, levelgen mode: deterministic

977 mortelune the Slasher (level 8, -6/64 HPs)
             Began as a Formicid Abyssal Knight on Dec 21, 2019.
             Was a Priest of Lugonu.
             Mangled by a troll (7 damage)
             ... on level 6 of the Dungeon.
             The game lasted 00:15:34 (8147 turns).

mortelune the Slasher (Formicid Abyssal Knight)     Turns: 8147, Time: 00:15:35

Health: -6/64      AC:  8    Str: 19    XL:     8   Next: 40%
Magic:  9/9        EV:  9    Int: 12    God:    Lugonu [***...]
Gold:   240        SH:  7    Dex: 10    Spells: 7/7 levels left

rFire    . . .     SeeInvis +   F - +0 long sword
rCold    . . .     Gourm    .   G - +0 shield
rNeg     + . .     Faith    .   e - +0 ring mail
rPois    .         Spirit   .   (helmet unavailable)
rElec    .         Reflect  .   (no cloak)
rCorr    .         Harm     .   x - +0 pair of gloves
MR       .....     Clarity  +   m - +0 pair of boots
Stlth    ..........             (no amulet)
HPRegen  0.20/turn              s - ring of positive energy
MPRegen  0.11/turn              (no ring)

@: no status effects
A: permanent stasis, dig shafts and tunnels, four strong arms, antennae 3,
repulsion field 1, clarity
a: Dig, Shaft Self, Depart the Abyss, Bend Space, Banish, Renounce Religion


You were on level 6 of the Dungeon.
You worshipped Lugonu.
Lugonu was most pleased with you.
You were very hungry.

You visited 1 branch of the dungeon, and saw 6 of its levels.
You visited the Abyss 1 time.
You also visited: Ossuary.

You collected 350 gold pieces.
You spent 110 gold pieces at shops.

Inventory:

Hand Weapons
 a - a +1 falchion
 y - the +4 war axe of Reapportionment {chop, rC+ Str+4}
   (You found it on level 4 of the Dungeon)

   It inflicts extra damage upon your enemies.
   It affects your strength (+4).
   It protects you from cold.
 F - a +0 long sword (weapon)
Missiles
 l - 7 atropa-tipped darts
 n - 8 javelins (quivered)
 o - 22 poisoned darts
Armour
 b - a +1 leather armour
 e - a +0 ring mail (worn)
 m - a +0 pair of boots (worn)
 x - a +0 pair of gloves (worn)
 G - a +0 shield (worn)
Jewellery
 s - a ring of positive energy (left hand)
Wands
 g - a wand of polymorph (8)
Scrolls
 d - 2 scrolls of identify
 f - a scroll of random uselessness
 r - 3 scrolls of enchant armour
 t - 2 scrolls of teleportation
 v - a scroll of immolation
 A - 5 scrolls of remove curse
 B - a scroll of amnesia
 C - a scroll of noise {unknown}
 H - a scroll of fog {unknown}
 I - a scroll of fear {unknown}
Potions
 h - 2 potions of brilliance {unknown}
 i - a potion of flight {unknown}
 j - a potion of mutation
 k - 5 potions of might
 p - a potion of degeneration {unknown}
 q - 3 potions of curing
 u - 2 potions of resistance
 w - 3 potions of invisibility
 z - a potion of lignification {unknown}
 D - 3 potions of agility
 E - a potion of berserk rage {unknown}
Comestibles
 c - 7 rations


   Skills:
 + Level 6.0 Fighting
 * Level 6.8 Long Blades
 + Level 5.3 Armour
 - Level 0.8 Dodging
 - Level 2.1 Invocations


You had 7 spell levels left.
You didn't know any spells.
Your spell library contained the following spells:

 Spells                   Type           Power        Failure   Level  Hunger
 Magic Dart               Conj           #...         98%         1    ##.....
 Searing Ray              Conj           #.....       99%         2    ###....
 Dazzling Spray           Conj/Hex       #.....       100%        3    ####...
 Force Lance              Conj/Tloc      #.......     100%        4    #####..
 Fulminant Prism          Conj/Hex       #.........   100%        4    #####..
 Iskenderun's Mystic Bla  Conj           #.......     100%        4    #####..


Dungeon Overview and Level Annotations

Branches:
Dungeon (6/15)             Temple (0/1) D:5         Ossuary (visited)

Altars:
Ashenzari
Nemelex Xobeh
Qazlal
Ru
Trog
Uskayaw
Yredelemnul

Shops:
D:4 *


Innate Abilities, Weirdness & Mutations

You cannot be hasted, slowed, berserked, paralysed or teleported.
You can dig through walls and to a lower floor.
Your four strong arms can wield two-handed weapons with a shield.
You have a pair of large antennae on your head. (SInv)
You are surrounded by a mild repulsion field. (EV +2)
You possess an exceptional clarity of mind.


Message History

Aim: a troll (chance to defeat MR: 81%)
You fail to use your ability.
The hound barely misses you.
You riposte.
You closely miss the hound. The troll closely misses you.
You riposte.
You barely miss the troll. The troll claws you!
* * * LOW HITPOINT WARNING * * *
The troll claws you but does no damage. The hound bites you.
* * * LOW HITPOINT WARNING * * *
Press: ? - help, Shift-Dir - straight line, f/p - troll
Aim: a troll (chance to defeat MR: 81%)
You fail to use your ability.
You block the hound's attack. The troll bites you but does no damage.
The troll claws you.
* * * LOW HITPOINT WARNING * * *
The troll completely misses you.
Press: ? - help, Shift-Dir - straight line, f/p - troll
Aim: a troll (chance to defeat MR: 81%)
You fail to use your ability.
You block the hound's attack. The troll bites you.
* * * LOW HITPOINT WARNING * * *
The troll claws you!
You die...

.# #. ..# .#. .# ##..>##
... .# #.....####..# .##
##...#..##..#
..###...##.....#
........#......##
................####
............#...@h.#
#..............T##........
####..............##......
#...............#......
#................# .....
#.................# .....
...(...............# ....
.................... ....
....................


You could see a troll and a hound.

Vanquished Creatures
  Menkaure (Ossuary)
  An ogre (D:4)
  2 bullfrogs (D:6)
  2 bullfrog zombies (D:4)
  2 centaur zombies
  2 orc wizards
  An orc priest (D:5)
  5 worker ants
  3 mummies (Ossuary)
  2 worker ant zombies (D:4)
  Robin (D:3)
  5 adders
  3 gnolls (D:5)
  An ooze (D:4)
  3 adder zombies (D:4)
  2 worms
  2 dart slugs
  4 leopard geckos
  8 orcs
  4 giant cockroaches
  14 hobgoblins
  2 jackals (D:5)
  A quokka (D:3)
  A ball python (D:1)
  7 bats
  4 frilled lizards
  4 gnoll skeletons (Ossuary)
  2 gnoll zombies (Ossuary)
  15 goblins
  4 goblin skeletons (Ossuary)
  4 goblin zombies (Ossuary)
  6 hobgoblin skeletons (Ossuary)
  6 hobgoblin zombies (Ossuary)
  A jackal skeleton (D:5)
  5 kobolds
  4 kobold skeletons (Ossuary)
  4 kobold zombies (Ossuary)
  5 orc skeletons (Ossuary)
  4 orc zombies (Ossuary)
  A quokka skeleton (D:4)
  6 rats
  2 rat skeletons (Ossuary)
  5 rat zombies (Ossuary)
161 creatures vanquished.

Vanquished Creatures (others)
  An orc wizard (D:4)
1 creature vanquished.

Grand Total: 162 creatures vanquished

Notes
Turn   | Place    | Note
-------+----------+-------------------------------------------
     0 | Abyss:1  | mortelune the Formicid Abyssal Knight began the quest for
                  | the Orb.
     0 | Abyss:1  | Reached XP level 1. HP: 18/18 MP: 2/2
    34 | Abyss:1  | Noticed a raiju
    35 | D:1      | Escaped the Abyss
   113 | D:1      | Reached XP level 2. HP: 24/24 MP: 3/3
   263 | D:1      | Reached * piety under Lugonu
   754 | D:1      | Reached XP level 3. HP: 29/29 MP: 4/4
  1283 | D:2      | Gained mutation: You are surrounded by a mild repulsion
                  | field. (EV +2) [potion of mutation]
  1283 | D:2      | Gained mutation: You possess an exceptional clarity of
                  | mind. [potion of mutation]
  1960 | D:2      | Reached XP level 4. HP: 37/37 MP: 5/5
  2060 | D:2      | Found a stormy altar of Qazlal.
  2763 | D:3      | Noticed Robin
  2847 | D:3      | Killed Robin
  2847 | D:3      | Reached XP level 5. HP: 39/42 MP: 6/6
  2872 | D:3      | Found a basalt altar of Yredelemnul.
  3215 | D:3      | Reached ** piety under Lugonu
  3663 | D:4      | Found Fajezxio's Assorted Antiques.
  3714 | D:4      | Bought 2 murky inky potions for 37 gold pieces
  3714 | D:4      | Bought a scroll of immolation for 73 gold pieces
  3736 | D:4      | Noticed an ogre
  3926 | D:4      | Got a faintly glowing war axe
  3927 | D:4      | Identified the +4 war axe of Reapportionment {chop, rC+
                  | Str+4} (You found it on level 4 of the Dungeon)
  3992 | D:4      | Found a sand-covered staircase.
  3997 | Ossuary  | Entered an ossuary
  4279 | Ossuary  | Reached *** piety under Lugonu
  4579 | Ossuary  | Reached XP level 6. HP: 23/49 MP: 7/7
  5065 | Ossuary  | Noticed Menkaure
  5079 | Ossuary  | Killed Menkaure
  5093 | Ossuary  | Reached skill level 5 in Long Blades
  5400 | D:4      | Killed an ogre
  5400 | D:4      | Reached skill level 5 in Fighting
  5400 | D:4      | Reached XP level 7. HP: 44/56 MP: 8/8
  5698 | D:4      | Found a faded altar of an unknown god.
  5698 | D:4      | Found a bloodstained altar of Trog.
  5703 | D:4      | Found a shattered altar of Ashenzari.
  5705 | D:4      | Found a sparkling altar of Nemelex Xobeh.
  5706 | D:4      | Found a hide-covered altar of Uskayaw.
  6302 | D:5      | Entered Level 5 of the Dungeon
  6793 | D:5      | HP: 2/56 [orc wizard/+2 dagger of electrocution (17)]
  7221 | D:5      | Found a sacrificial altar of Ru.
  7313 | D:5      | Reached XP level 8. HP: 63/63 MP: 9/9
  7421 | D:5      | Reached skill level 5 in Armour
  7493 | D:5      | Found a staircase to the Ecumenical Temple.
  8130 | D:6      | Noticed a troll
  8146 | D:6      | HP: 3/64 [troll (4)]
  8147 | D:6      | HP: 1/64 [troll (2)]
  8147 | D:6      | Mangled by a troll

Levels and vault maps discovered:
D:1:      wheals_arrival_shading, layout_loops_ring, minmay_misc_feat_iff,
          minmay_tromino_mix6
D:2:      layout_basic, nicolae_qazlal_eye_of_the_storm,
          nicolae_underground_beach
D:3:      layout_basic, yredelemnul_altar_generic, first_ration, uniq_robin
D:4:      layout_rooms, chequers_temple_overflow_minitemple, enter_ossuary_2,
          serial_shops, nicolae_shop_statue_plus, serial_undead,
          serial_undead_d, serial_undead_c, serial_undead_d, serial_undead_b,
          serial_undead_d, kennysheep_small_circle
D:5:      layout_basic, nicolae_ru_awakened_eye, minmay_temple_entry_crystal_x
D:6:      layout_layer_cave, kennysheep_mini_moat, minmay_stone_trees_small

Skill      XL: |  1  2  3  4  5  6  7  8 |
---------------+-------------------------+-----
Long Blades    | 3 4 5 6 |  6.8
Armour         | 3 4 5 |  5.3
Fighting       | 4 5 6 |  6.0
Dodging        | |  0.8
Invocations    | |  2.1

Action                   |  1- 3 |  4- 6 |  7- 9 || total
-------------------------+-------+-------+-------++-------
Melee: Falchion          |   103 |   301 |   122 ||   526
       Unarmed           |       |       |    14 ||    14
       Long sword        |       |       |    41 ||    41
Throw: Javelin           |       |    21 |       ||    21
       Dart              |       |     1 |       ||     1
Invok: Depart the Abyss  |     1 |       |       ||     1
       Banish            |       |     1 |     2 ||     3
 Abil: Dig               |       |     1 |       ||     1
  Use: Scroll            |     4 |     8 |       ||    12
       Potion            |     1 |     1 |     1 ||     3
  Eat: Chunk             |     2 |     6 |     5 ||    13
       Ration            |       |     2 |     1 ||     3
Armor: Leather armour    |    28 |       |       ||    28
       Ring mail         |     5 |    70 |    66 ||   141
Dodge: Dodged            |    77 |   158 |   102 ||   337
Block: Shield            |       |       |     9 ||     9
       Rpst.: Falchion   |    20 |    56 |    23 ||    99
       Long sword        |       |       |    13 ||    13
